Map: Daybreak LE (Void)

Players

Rakahuna - Winner!

  • Race: Zerg Zerg
  • League: Platinum
  • Spawn Location: 7:00

Fropez

  • Race: Protoss Protoss
  • League: Gold
  • Spawn Location: 1:00

VOD

Have the link to the VOD?

Description

Time

  • Played on: Dec. 27, 2016, 3:44 p.m.
  • Length: 13:21
Show
View Real Time Build Order
Export as new Build Order

Rakahuna Zerg - Winner!

Build Orders: Hatch First, Lurkers 

Get SALT Encoding   

  12  0:00  Drone  
  13  0:12  Overlord  
  13  0:17  Drone  
  14  0:30  Drone x2  
  14  0:34  Drone  
  17  0:49  Drone  
  18  0:57  Hatchery  
  18  1:01  Drone  
  18  1:10  Extractor, Drone  
  18  1:21  Spawning Pool  
  18  1:22  Drone  
  18  1:37  Drone  
  19  1:50  Drone  
  20  2:04  Hatchery  
  19  2:08  Queen  
  19  2:10  Zergling x2  
  19  2:13  Queen  
  24  2:17  Zergling x2  
  25  2:23  Metabolic Boost  
  25  2:37  Drone x3  
  25  2:40  Overlord  
  28  2:58  Overlord  
  28  3:01  Drone x4  
  32  3:12  Drone  
  33  3:19  Queen  
  33  3:24  Drone x4  
  39  3:27  Drone  
  39  3:31  Drone  
  39  3:32  Drone x2  
  43  3:37  Pneumatized Carapace  
  43  3:42  Spore Crawler  
  43  3:45  Spore Crawler  
  43  3:46  Drone  
  43  3:48  Drone  
  43  3:56  Drone x4  
  47  4:02  Queen  
  47  4:06  Extractor x2  
  47  4:12  Zergling x6  
  50  4:19  Overlord x2  
  50  4:24  Lair  
  49  4:36  Overlord  
  49  4:38  Overlord, Drone  
  50  4:40  Drone x2  
  52  4:46  Drone x3  
  52  4:49  Extractor  
  52  4:50  Drone x3  
  57  4:54  Drone x2  
  59  5:21  Zergling x10  
  61  5:23  Drone x2  
  61  5:25  Drone x2  
  61  5:26  Drone  
  69  5:33  Overlord x2  
  69  5:48  Hydralisk Den  
  68  5:51  Drone  
  68  5:52  Drone x5  
  68  5:53  Evolution Chamber  
  68  5:54  Evolution Chamber  
  68  5:56  Extractor  
  71  5:57  Extractor  
  70  6:04  Zergling x2  
  70  6:05  Zergling x6  
  73  6:25  Hydralisk x5  
  73  6:26  Overlord x2  
  81  6:45  Muscular Augments  
  81  6:46  Zerg Ground Armor Level 1, Zerg Missile Weapons Level 1  
  81  6:47  Hydralisk  
  81  6:48  Hydralisk x7  
  81  6:49  Hydralisk x3  
  103  7:00  Drone x3  
  106  7:15  Overlord x3  
  103  7:26  Hydralisk x2  
  103  7:28  Overlord x4  
  104  7:43  Hydralisk x3  
  104  7:44  Hydralisk x2, Zergling x2  
  110  7:45  Hydralisk  
  117  7:58  Drone x2  
  117  7:59  Drone  
  120  8:12  Hydralisk x2  
  120  8:13  Hydralisk x2  
  120  8:14  Lurker Den  
  128  8:20  Infestation Pit  
  128  8:22  Overseer x2  
  128  8:24  Hatchery  
  126  8:27  Hydralisk x3  
  126  8:28  Hydralisk x4, Zergling x2  
  126  8:29  Hydralisk, Zergling x2  
  144  8:37  Hydralisk x3  
  150  8:54  Zergling x2  
  150  8:55  Zergling x10  
  156  9:08  Hydralisk x2  
  156  9:09  Zergling x2  
  161  9:13  Zergling x2  
  161  9:16  Overlord  
  161  9:17  Overlord x4  
  162  9:21  Zerg Ground Armor Level 2, Zerg Missile Weapons Level 2  
  162  9:35  Hydralisk x3  
  162  9:36  Zergling x2  
  169  9:41  Lurker x2  
  169  9:42  Lurker x5  
  169  9:45  Zergling x10  
  181  10:14  Overseer  
  165  10:46  Hydralisk x5  
  165  10:47  Hydralisk x5, Zergling x10  
  165  10:48  Zergling x6  
  176  11:11  Drone x3  
  176  11:12  Drone x7  
  176  11:13  Drone x2  
  185  11:25  Zergling x2  
  185  11:26  Zergling x6  
  178  11:54  Hydralisk x3  
  178  11:55  Hydralisk x3, Zergling x2  
  178  11:57  Overlord x4  
  191  12:07  Zergling x2  
  191  12:08  Overlord x2  
  165  12:38  Hydralisk x4  
  165  12:39  Hydralisk x3, Zergling x4  
Show
View Real Time Build Order
Export as new Build Order

Fropez Protoss 

Build Orders:  

Get SALT Encoding   

  12  0:06  Probe (Chrono Boost)  
  13  0:16  Pylon  
  13  0:17  Probe (Chrono Boost)  
  14  0:28  Probe (Chrono Boost)  
  15  0:38  Probe (Chrono Boost)  
  15  0:40  Gateway  
  16  0:57  Probe (Chrono Boost)  
  17  1:00  Assimilator  
  17  1:07  Pylon, Probe (Chrono Boost)  
  18  1:15  Assimilator  
  18  1:18  Probe (Chrono Boost)  
  19  1:26  Cybernetics Core  
  19  1:28  Probe (Chrono Boost)  
  20  1:37  Gateway  
  20  1:39  Probe (Chrono Boost)  
  21  1:53  Warp Gate  
  21  2:00  Probe (Chrono Boost)  
  22  2:02  Stalker  
  24  2:15  Mothership Core (Chrono Boost)  
  26  2:23  Stalker  
  28  2:34  Stalker  
  30  2:53  Nexus  
  30  3:05  Pylon  
  31  3:07  Probe (Chrono Boost)  
  31  3:23  Stalker  
  31  3:25  Probe (Chrono Boost)  
  31  3:26  Adept  
  36  3:35  Pylon  
  36  3:37  Probe (Chrono Boost)  
  38  3:49  Probe (Chrono Boost)  
  38  3:50  Twilight Council  
  38  4:01  Probe (Chrono Boost), Gateway  
  39  4:05  Probe (Chrono Boost)  
  39  4:07  Adept x2  
  44  4:16  Gateway  
  44  4:21  Probe (Chrono Boost), Blink  
  45  4:28  Stalker  
  45  4:31  Probe (Chrono Boost)  
  48  4:41  Probe (Chrono Boost)  
  48  4:43  Probe (Chrono Boost)  
  50  4:56  Robotics Facility  
  50  4:58  Probe (Chrono Boost)  
  51  5:01  Probe (Chrono Boost)  
  52  5:09  Adept x2  
  52  5:13  Probe (Chrono Boost)  
  58  5:14  Probe (Chrono Boost)  
  58  5:15  Assimilator  
  58  5:18  Stalker  
  60  5:23  Stalker  
  62  5:36  Assimilator  
  62  5:44  Pylon  
  62  6:02  Probe (Chrono Boost)  
  62  6:03  Probe (Chrono Boost), Stalker x3  
  70  6:17  Pylon  
  70  6:33  Probe (Chrono Boost)  
  70  6:35  Probe (Chrono Boost)  
  70  6:42  Adept x4  
  78  6:52  Gateway  
  78  6:54  Gateway  
  78  6:57  Pylon  
  78  6:58  Pylon  
  78  7:09  Pylon  
  78  7:15  Warp Prism, Probe (Chrono Boost)  
  82  7:17  Probe (Chrono Boost)  
  82  7:26  Probe (Chrono Boost)  
  82  7:29  Probe (Chrono Boost)  
  83  7:36  Probe (Chrono Boost)  
  84  7:41  Probe (Chrono Boost)  
  85  7:47  Adept x4, Probe (Chrono Boost)  
  94  7:53  Probe (Chrono Boost)  
  94  7:58  Probe (Chrono Boost)  
  96  8:00  Adept  
  96  8:04  Nexus  
  99  8:05  Probe (Chrono Boost)  
  99  8:08  Probe (Chrono Boost)  
  99  8:09  Observer  
  101  8:18  Probe (Chrono Boost)  
  102  8:31  Pylon  
  102  8:33  Pylon x2  
  102  8:36  Pylon  
  102  8:37  Pylon  
  102  8:41  Pylon  
  102  8:43  Pylon  
  102  8:47  Assimilator  
  102  8:49  Probe (Chrono Boost)  
  102  8:50  Probe (Chrono Boost)  
  102  8:51  Assimilator  
  104  8:59  Probe (Chrono Boost)  
  104  9:00  Stalker x4  
  114  9:02  Probe (Chrono Boost)  
  114  9:07  Stalker x2  
  118  9:15  Probe (Chrono Boost)  
  119  9:25  Probe x2 (Chrono Boost)  
  119  9:27  Probe (Chrono Boost)  
  122  9:36  Probe (Chrono Boost)  
  123  9:46  Stalker x3  
  123  9:47  Stalker x3  
  135  10:07  Gateway  
  135  10:09  Gateway  
  135  10:11  Gateway  
  135  10:13  Gateway  
  135  10:15  Gateway  
  135  10:17  Adept x5  
  136  10:38  Sentry x5  
  136  10:39  Sentry  
  136  10:41  Resonating Glaives  
  142  11:03  Adept x2  
  142  11:04  Adept x4  
  145  11:10  Nexus  
  149  11:13  Pylon  
  149  11:16  Pylon  
  149  11:19  Assimilator  
  149  11:21  Adept  
  149  11:22  Adept  
  149  11:24  Assimilator  
  149  11:25  Pylon  
  153  11:29  Pylon  
  153  11:33  Stalker x2  
  153  11:34  Stalker  
  102  12:00  Stalker x4  
  102  12:01  Stalker x2  
  111  12:02  Stalker  
  63  13:01  Cybernetics Core, Gateway  
  63  13:04  Gateway  
  43  13:09  Dark Shrine  
Tags
 
Composition
Lurkers
Matchup
PvZ
Replay Pack
All Mines
Spawn Locations
Cross Positions
Add a new tag
Caveats
  • Supply blocks, unpowered buildings, or Contaminate may cause inaccurate times.
  • Supply counts are checked every 10 seconds.